 Dungeon Crawl Stone Soup version 0.31-a0-557-g6e16503903 (webtiles) character file.

Game seed: 3393413742829604911

173 javelincjr the Trooper (level 5, 0/44 HPs)
             Began as a Demonspawn Fighter on Aug 16, 2023.
             Succumbed to a kobold's poison
             ... on level 3 of the Dungeon.
             The game lasted 00:05:35 (1080 turns).

javelincjr the Trooper (Demonspawn Fighter)         Turns: 1080, Time: 00:05:36

Health: 0/44       AC: 10    Str: 19    XL:     5   Next: 28%
Magic:  5/5        EV:  9    Int:  9    God:
Gold:   106        SH:  4    Dex: 12    Spells: 4/4 levels left

rFire   . . .        n - +3 dagger (drain)
rCold   . . .        c - +0 buckler
rNeg    . . .        b - +0 scale mail
rPois   .            (no helmet)
rElec   .            (no cloak)
rCorr   .            u - +0 pair of gloves
SInv    .            (no boots)
Will    .....        (no amulet) Stlth
                     (no ring)
HPRegen 0.27/turn    (no ring)
MPRegen 0.09/turn

%: no passive effects
@: lethally poisoned (0 -> -17)
A: rugged brown scales 2, ignite blood 1
a: no special abilities


You were on level 3 of the Dungeon.
You visited 1 branch of the dungeon, and saw 3 of its levels.

You collected 106 gold pieces.

Inventory:

Hand Weapons
 a - a +0 trident
 n - a +3 dagger of draining (weapon)
Missiles
 r - 2 boomerangs (quivered)
Armour
 b - a +0 scale mail (worn)
 c - a +0 buckler (worn)
 u - a +0 pair of gloves (worn)
 v - an orb of mayhem
Scrolls
 e - a scroll of torment {unknown}
 f - a scroll of brand weapon {unknown}
 g - a scroll of immolation {unknown}
 i - a scroll of butterflies {unknown}
 k - a scroll of amnesia {unknown}
 m - a scroll of teleportation {unknown}
 q - a scroll of noise {unknown}
 s - a scroll of identify {unknown}
Potions
 d - a potion of might
 h - a potion of magic
 j - a potion of curing
 l - a potion of resistance {unknown}
 o - a potion of heal wounds {unknown}
 p - a potion of berserk rage {unknown}
 t - a potion of brilliance {unknown}
 w - a potion of lignification {unknown}


   Skills:
 + Level 3.8 Fighting
 + Level 0.9 Short Blades
 + Level 2.6 Polearms
 + Level 3.4 Armour
 + Level 1.2 Dodging
 + Level 3.4 Shields


You had 4 spell levels left.
You didn't know any spells.
Your spell library was empty.

Dungeon Overview and Level Annotations

Branches:
Dungeon (2/15)

Altars:


Innate Abilities, Weirdness & Mutations

You are mostly covered in rugged brown scales. (AC +2, +5% HP)
Your demonic aura sometimes causes spilled blood to erupt in flames.


Message History

You are more poisoned.
The gnoll hits you but does no damage.
You are too injured to fight recklessly!
You are too injured to fight recklessly!
You closely miss the gnoll.
You feel very sick. You block the gnoll's attack. The gnoll closely misses you.
An orc comes into view. It is wielding a +0 flail.
You hit the gnoll but do no damage.
You feel sick.
The gnoll hits you from afar with a +0 spear.
* * * LOW HITPOINT WARNING * * *
The gnoll hits you with a +0 whip.
* * * LOW HITPOINT WARNING * * *
You hit the gnoll. You drain the gnoll.
The gnoll is heavily wounded.
* * * LOW HITPOINT WARNING * * *
You feel sick. The gnoll hits you but does no damage.
The gnoll is engulfed in blazing flames.
You kill the gnoll!
It was a potion of magic.
Magic courses through your body.
* * * LOW HITPOINT WARNING * * *
You feel sick.
The orc priest begins to cast a cantrip, but forgets the words!
The gnoll hits you from afar with a +0 spear.
* * * LOW HITPOINT WARNING * * *
It was a potion of curing.
You feel better.
The kobold throws a poisoned dart.
The poisoned dart hits you!
You are poisoned.
The gnoll barely misses you.
You feel sick.
You feel sick.
The kobold throws a poisoned dart.
The poisoned dart closely misses you.
You feel sick.
The kobold throws a poisoned dart.
The poisoned dart hits you!
You are lethally poisoned!
* * * LOW HITPOINT WARNING * * *
You feel very sick.
* * * LOW HITPOINT WARNING * * *
You feel sick.
The kobold throws a poisoned dart.
The poisoned dart hits you!
You are more poisoned.
You die...

##### ##### ######...#
#...# #........# #...#
#...~~...####...#
#..~~.......+...+
#.~~......###...######..
#..~~.....###..o#o.....#
#.~~....>@.....Kgo.....#
#...............#o.....#
##.##...........#......#
#.###..........#..:...#
#.# #.......####......#
#.###.......# ......#
#...........# ......#
#####......(# #####.#
#.......#


You could see an orc priest, a gnoll and a kobold.

Vanquished Creatures
  2 hounds (D:3)
  4 gnolls (D:3)
  3 adders
  A worm (D:2)
  2 dart slugs
  An orc (D:3)
  4 bats
  3 endoplasms
  A giant cockroach (D:3)
  8 hobgoblins
  2 kobolds
  2 quokkas (D:3)
  A ball python (D:3)
  3 frilled lizards (D:1)
  4 goblins
  3 rats
44 creatures vanquished.

Notes
Turn   | Place    | Note
-------+----------+-------------------------------------------
     0 | D:1      | javelincjr the Demonspawn Fighter began the quest for the
                  | Orb.
     0 | D:1      | Reached XP level 1. HP: 18/18 MP: 1/1
   134 | D:1      | Gained mutation: You are partially covered in rugged brown
                  | scales. (AC +1, +3% HP) [demonic ancestry]
   134 | D:1      | Reached XP level 2. HP: 13/24 MP: 2/2
   519 | D:2      | Gained mutation: You are mostly covered in rugged brown
                  | scales. (AC +2, +5% HP) [demonic ancestry]
   519 | D:2      | Reached XP level 3. HP: 24/30 MP: 3/3
   610 | D:2      | You fall into a shaft and drop 1 floor!
   813 | D:3      | Gained mutation: Your demonic aura sometimes causes spilled
                  | blood to erupt in flames. [demonic ancestry]
   813 | D:3      | Reached XP level 4. HP: 27/34 MP: 4/4
   822 | D:3      | Reached skill level 1 in Dodging
   949 | D:3      | Reached XP level 5. HP: 43/44 MP: 5/5
  1073 | D:3      | HP: 1/44 [gnoll/+0 spear (6)]
  1080 | D:3      | Succumbed to a kobold's poison

Illustrated notes

Levels and vault maps discovered:
D:1:      denvon_arrival_planthouse, layout_rooms
D:2:      layout_rooms, minmay_lizard_king
D:3:      layout_basic, dk_vineyard_3, cheibrodos_gnoll_hut,
          uniq_crazy_yiuf_cottage

Skill      XL: |  1  2  3  4 |
---------------+-------------+-----
Polearms       | 2 |  2.6
Armour         | 3 |  3.4
Shields        | 3 |  3.4
Dodging        | 1 |  1.2
Fighting       | |  3.8
Short Blades   | |  0.9

Action                     |  1- 3 |  4- 6 || total
---------------------------+-------+-------++-------
  Melee: Trident           |   111 |       ||   111
         Dagger            |    15 |    40 ||    55
    Use: Potion            |       |     2 ||     2
 Armour: Scale mail        |    60 |    20 ||    80
  Dodge: Dodged            |    56 |    27 ||    83
  Block: Buckler           |    22 |    10 ||    32

Table legend: (Time is in decaauts)
 A = Elapsed time spent in this place.
 B = Non-inter-level travel time spent in this place.
 C = Inter-level travel time spent in this place.
 D = Time resting spent in this place.
 E = Time spent auto-exploring this place.
 F = Levels seen in this place.
 G = Mean time per level.
                   A        B        C        D        E       F      G
               +--------+--------+--------+--------+--------+-----+--------+
         Total |   1107 |   1064 |     43 |      0 |    679 |   3 |  369.0 |
       Dungeon |   1107 |   1064 |     43 |      0 |    679 |   3 |  369.0 |
               +--------+--------+--------+--------+--------+-----+--------+

Top non-repeatable levels by time:
     D:1: 513 daAuts
     D:3: 476 daAuts
     D:2: 117 daAuts
